 Dungeon Crawl Stone Soup version 0.27-a0-1188-g73eefd5def (webtiles) character file.

Game seed: 12138351452396308819

20948 Gargoyl the Fighter (level 12, -2/97 HPs)
             Began as a Gnoll Abyssal Knight on May 21, 2021.
             Was a High Priest of Lugonu.
             Slain by a swamp worm (15 damage)
             ... on level 10 of the Dungeon.
             The game lasted 00:18:04 (14725 turns).

Gargoyl the Fighter (Gnoll Abyssal Knight)         Turns: 14725, Time: 00:18:05

Health: -2/97      AC: 18    Str: 16    XL:     12   Next: 84%
Magic:  19/23      EV:  8    Int: 12    God:    Lugonu [*****.]
Gold:   20         SH:  5    Dex: 18    Spells: 26/26 levels left

rFire    + . .     SeeInvis .   l - +7 great sword "Jaklodghu" {freeze, rPois rF+}
rCold    . . .     Faith    .   (shield currently unavailable)
rNeg     + . .     Spirit   .   h - +1 plate armour
rPois    +         Reflect  +   (no helmet)
rElec    .         Harm     .   i - scarf {repulsion}
rCorr    .         Rampage  .   G - +0 pair of gloves
Will     .....                  s - +1 pair of boots
Stlth    ..........             J - amulet of reflection
HPRegen  0.26/turn              n - +6 ring of dexterity
MPRegen  0.18/turn              j - ring of positive energy

@: studying Shields, repel missiles, very slow
A: fangs 1, strong nose, distributed training
a: Renounce Religion, Depart the Abyss, Bend Space, Banish, Corrupt, Enter the
Abyss


You were on level 10 of the Dungeon.
You worshipped Lugonu.
Lugonu was extremely pleased with you.
You visited 1 branch of the dungeon, and saw 10 of its levels.
You visited the Abyss 1 time.
You also visited: Bailey.

You collected 812 gold pieces.
You spent 792 gold pieces at shops.

Inventory:

Hand Weapons
 a - a +2 hand axe
 d - the +1 spear of Kulokodgh {drain, Will+}
   (You found it on level 2 of the Abyss)

   A truly terrible weapon, it drains the life of those it strikes.
   It increases your willpower.
 l - the +7 great sword "Jaklodghu" (weapon) {freeze, rPois rF+}
   (You found it on level 5 of the Dungeon)

   It has been specially enchanted to freeze those struck by it, causing extra
   injury to most foes and up to half again as much damage against particularly
   susceptible opponents.
   It can also slow down cold-blooded creatures.
   It protects you from fire.
   It protects you from poison.
Missiles
 f - a throwing net
 F - 5 poisoned darts
 K - 17 javelins (quivered)
Armour
 h - a +1 plate armour (worn)
 i - a scarf of repulsion (worn)
 s - a +1 pair of boots (worn)
 G - a +0 pair of gloves (worn)
Jewellery
 c - a ring of flight
 j - a ring of positive energy (right hand)
 n - a +6 ring of dexterity (left hand)
 x - a ring of resist corrosion
 y - an amulet of the acrobat
 J - an amulet of reflection (around neck)
Wands
 b - a wand of iceblast (26)
 w - a wand of paralysis (7)
Scrolls
 q - 5 scrolls of teleportation
 A - 2 scrolls of identify
 B - a scroll of enchant weapon
 D - 3 scrolls of magic mapping
Potions
 e - a potion of magic
 g - 3 potions of invisibility
 k - 2 potions of berserk rage
 m - a potion of flight {unknown}
 o - a potion of mutation {unknown}
 p - 3 potions of haste
 r - 3 potions of brilliance {unknown}
 t - a potion of heal wounds {unknown}
 u - a potion of lignification {unknown}
 v - a potion of curing
 C - a potion of degeneration {unknown}
 E - a potion of cancellation {unknown}
 I - 2 potions of might


   Skills:
 + Level 10.1 Fighting
 + Level 7.6 Short Blades
 + Level 7.6 Long Blades
 + Level 9.0 Axes
 + Level 7.6 Maces & Flails
 + Level 7.6 Polearms
 + Level 7.6 Staves
 + Level 7.6 Slings
 + Level 7.6 Bows
 + Level 7.6 Crossbows
 + Level 7.6 Throwing
 + Level 9.0 Armour
 + Level 8.1 Dodging
 + Level 7.6 Stealth
 + Level 8.4 Shields
 + Level 7.6 Unarmed Combat
 + Level 7.6 Spellcasting
 + Level 6.3 Conjurations
 + Level 6.3 Hexes
 + Level 6.3 Summonings
 + Level 6.3 Necromancy
 + Level 6.3 Translocations
 + Level 6.3 Transmutations
 + Level 6.3 Fire Magic
 + Level 6.3 Ice Magic
 + Level 6.3 Air Magic
 + Level 6.3 Earth Magic
 + Level 6.3 Poison Magic
 + Level 9.6 Invocations
 + Level 7.6 Evocations


You had 26 spell levels left.
You didn't know any spells.
Your spell library contained the following spells:

 Spells                   Type           Power      Damage    Failure   Level
 Animate Skeleton         Necr           38%        N/A       36%         1
 Apportation              Tloc           38%        N/A       36%         1
 Corona                   Hex            21%        N/A       36%         1
 Summon Small Mammal      Summ           76%        N/A       36%         1
 Call Imp                 Summ           19%        N/A       50%         2
 Call Canine Familiar     Summ           19%        N/A       75%         3
 Summon Guardian Golem    Hex/Summ       19%        N/A       75%         3
 Cause Fear               Hex            9%         N/A       98%         4
 Summon Ice Beast         Ice/Summ       19%        N/A       98%         4
 Summon Lightning Spire   Summ/Air       19%        N/A       98%         4
 Silence                  Hex/Air        9%         N/A       100%        5
 Yara's Violent Unravell  Hex/Tmut       9%         3d6       100%        5
 Discord                  Hex            9%         N/A       100%        8


Dungeon Overview and Level Annotations

Branches:
Dungeon (10/15)            Temple (0/1) D:6          Bailey (visited)
   Lair: D:8-11         Orc: D:9-12

Altars:
Ashenzari
Dithmenos
Gozag
Kikubaaqudgha
Nemelex Xobeh
Qazlal
Vehumet
Zin

Shops:
D:7 =   D:10 [(=[


Innate Abilities, Weirdness & Mutations

You have very sharp teeth.
Your uncanny sense of smell can sniff out nearby items.
Your experience applies equally to all skills.


Message History

The tyrant leech draws strength from your injuries!
The swamp worm bites you but does no damage.
Your unstable footing causes you to fumble your attack.
You block the tyrant leech's attack. The swamp worm barely misses you.
The tyrant leech barely misses you.
The swamp worm bites you but does no damage.
Your unstable footing causes you to fumble your attack.
The swamp worm bites you but does no damage.
The tyrant leech bites you!
The tyrant leech draws strength from your injuries!
Unknown command.
Your unstable footing causes you to fumble your attack.
You block the swamp worm's attack. The swamp worm bites you.
You block the tyrant leech's attack.
Unknown command.
You closely miss the tyrant leech.
The tyrant leech is lightly wounded.
The swamp worm bites you. The tyrant leech bites you.
The tyrant leech draws strength from your injuries!
Unknown command.
Press: ? - help, Shift-Dir - straight line, f - tyrant leech
Aim: a tyrant leech (lightly wounded, chance to affect: 73%)
The tyrant leech is devoured by a tear in reality.
Lugonu claims a new guest.
The swamp worm bites you.
Unknown command.
Your unstable footing causes you to fumble your attack.
The swamp worm bites you!
* * * LOW HITPOINT WARNING * * *
You block the swamp worm's attack.
You barely miss the swamp worm.
You bite the swamp worm, but do no damage.
The swamp worm bites you but does no damage.
The swamp worm bites you!
* * * LOW HITPOINT WARNING * * *
You slash the swamp worm! You freeze the swamp worm.
You bite the swamp worm, but do no damage.
The swamp worm is heavily wounded.
The swamp worm bites you!
You die...

#.........## #
#####..)..#.######
#................#
#.########...###..
###.### #..#####
###≈≈≈≈≈## ...<#
##.≈≈≈≈≈≈≈# ∆ ##.#
#..≈≈≈≈≈≈≈# ##
###)###
#.≈≈##@##≈≈....
...... #≈≈≈#w§≈#
≈##..# #.###
#≈≈##≈§)#
#....#....
#≈≈#≈≈≈|≈ #...###
#≈≈##≈≈≈##≈≈
###....
#≈≈≈#|≈≈#≈≈≈..
####. ##≈≈##≈##≈≈
.∆ ## #.≈≈###≈≈#.#
# #.≈≈≈≈≈≈≈#.# #


You could see a swamp worm.

Vanquished Creatures
  2 two-headed ogres
  Pikel (D:8)
  An unseen horror (D:10)
  A hornet (D:8)
  A shadow (D:8)
  9 yaks
  3 wyverns
  Grum (D:8)
  A steam dragon (D:8)
  A swamp worm (D:10)
  An acid dragon (D:9)
  12 orc warriors
  An ice beast (D:5)
  2 sky beasts
  3 ogres
  14 centaurs
  2 necrophages
  2 wolves (D:8)
  A phantom (D:5)
  2 kobold brigands
  Blork the orc (D:6)
  3 bullfrogs
  2 scorpions
  A wyvern zombie (D:6)
  A water moccasin skeleton (D:6)
  A wyvern skeleton (D:7)
  15 killer bees
  4 wights (D:7)
  6 howler monkeys
  6 centaur zombies
  A hound (D:4)
  4 orc priests
  A jelly (D:5)
  2 gnoll shamans
  2 iguanas (D:4)
  7 orc wizards
  A killer bee zombie (D:7)
  A statue (D:3)
  A hound skeleton (D:4)
  A howler monkey zombie (D:10)
  10 gnolls
  A howler monkey skeleton (D:6)
  12 adders
  2 shadow imps
  A white imp (D:8)
  2 ufetubi
  2 worms
  A dart slug (D:4)
  42 orcs
  7 ball pythons
  9 bats
  7 endoplasms
  3 giant cockroaches (D:1)
  9 goblins
  9 hobgoblins
  3 jackals (D:1)
  17 kobolds
  2 quokkas
  5 frilled lizards
  8 rats
274 creatures vanquished.

Vanquished Creatures (others)
  4 plants (D:10)
  3 toadstools (D:3)
7 creatures vanquished.

Grand Total: 281 creatures vanquished

Notes
Turn   | Place    | Note
-------+----------+-------------------------------------------
     0 | Abyss:1  | Gargoyl the Gnoll Abyssal Knight began the quest for the
                  | Orb.
     0 | Abyss:1  | Reached XP level 1. HP: 23/23 MP: 3/3
    22 | Abyss:1  | Found a corrupted altar of Lugonu.
    39 | Abyss:1  | Noticed a chaos spawn
    89 | Abyss:2  | Identified the +1 spear of Kulokodgh {drain, Will+}
    93 | Abyss:2  | Noticed a chaos spawn
   101 | Abyss:2  | Noticed a large abomination
   104 | D:1      | Escaped the Abyss
   221 | D:1      | Reached * piety under Lugonu
   231 | D:1      | Reached XP level 2. HP: 29/29 MP: 5/5
   775 | D:1      | Reached XP level 3. HP: 30/35 MP: 6/6
  1402 | D:2      | Reached skill level 1 in Short Blades
  1402 | D:2      | Reached skill level 1 in Long Blades
  1402 | D:2      | Reached skill level 1 in Maces & Flails
  1402 | D:2      | Reached skill level 1 in Polearms
  1402 | D:2      | Reached skill level 1 in Staves
  1402 | D:2      | Reached skill level 1 in Slings
  1402 | D:2      | Reached skill level 1 in Bows
  1402 | D:2      | Reached skill level 1 in Crossbows
  1402 | D:2      | Reached skill level 1 in Throwing
  1402 | D:2      | Reached skill level 1 in Stealth
  1402 | D:2      | Reached skill level 1 in Shields
  1402 | D:2      | Reached skill level 1 in Unarmed Combat
  1402 | D:2      | Reached skill level 1 in Spellcasting
  1402 | D:2      | Reached skill level 1 in Evocations
  1669 | D:2      | Reached XP level 4. HP: 41/41 MP: 7/7
  1690 | D:2      | Reached ** piety under Lugonu
  2398 | D:3      | Found a radiant altar of Vehumet.
  2399 | D:3      | Noticed a frost-covered statue
  2420 | D:3      | Killed a frost-covered statue
  2421 | D:3      | Reached skill level 1 in Conjurations
  2421 | D:3      | Reached skill level 1 in Hexes
  2421 | D:3      | Reached skill level 1 in Summonings
  2421 | D:3      | Reached skill level 1 in Necromancy
  2421 | D:3      | Reached skill level 1 in Translocations
  2421 | D:3      | Reached skill level 1 in Transmutations
  2421 | D:3      | Reached skill level 1 in Fire Magic
  2421 | D:3      | Reached skill level 1 in Ice Magic
  2421 | D:3      | Reached skill level 1 in Air Magic
  2421 | D:3      | Reached skill level 1 in Earth Magic
  2421 | D:3      | Reached skill level 1 in Poison Magic
  2700 | D:3      | Reached XP level 5. HP: 47/47 MP: 8/8
  3166 | D:3      | Found an opulent altar of Gozag.
  3737 | D:4      | Noticed a yak
  3738 | D:4      | Noticed a yak
  3754 | D:4      | Noticed a yak
  3755 | D:4      | Killed a yak
  3756 | D:4      | Reached skill level 5 in Axes
  3756 | D:4      | Reached skill level 5 in Armour
  3756 | D:4      | Reached skill level 5 in Invocations
  3756 | D:4      | Reached XP level 6. HP: 19/53 MP: 9/9
  3757 | D:4      | Noticed a yak
  3762 | D:4      | Noticed a yak
  4217 | D:2      | Killed a yak
  4218 | D:2      | Reached XP level 7. HP: 24/59 MP: 10/10
  4416 | D:2      | Killed a yak
  4417 | D:2      | Reached skill level 7 in Fighting
  4531 | D:3      | Killed a yak
  4724 | D:4      | HP: 2/60 [gnoll/+0 club (4)]
  5023 | D:4      | Reached skill level 8 in Fighting
  5023 | D:4      | Reached skill level 5 in Short Blades
  5023 | D:4      | Reached skill level 5 in Long Blades
  5023 | D:4      | Reached skill level 5 in Maces & Flails
  5023 | D:4      | Reached skill level 5 in Polearms
  5023 | D:4      | Reached skill level 5 in Staves
  5023 | D:4      | Reached skill level 5 in Slings
  5023 | D:4      | Reached skill level 5 in Bows
  5023 | D:4      | Reached skill level 5 in Crossbows
  5023 | D:4      | Reached skill level 5 in Throwing
  5023 | D:4      | Reached skill level 5 in Dodging
  5023 | D:4      | Reached skill level 5 in Stealth
  5023 | D:4      | Reached skill level 5 in Shields
  5023 | D:4      | Reached skill level 5 in Unarmed Combat
  5023 | D:4      | Reached skill level 5 in Spellcasting
  5023 | D:4      | Reached skill level 5 in Evocations
  5023 | D:4      | Reached XP level 8. HP: 69/69 MP: 11/15
  5137 | D:4      | Reached XP level 9. HP: 68/75 MP: 16/16
  5394 | D:4      | Reached *** piety under Lugonu
  5896 | D:5      | Entered Level 5 of the Dungeon
  5898 | D:5      | Identified a scroll of acquirement
  5898 | D:5      | Acquired a scarf of repulsion
  6819 | D:5      | Identified the +7 great sword "Jaklodghu" {freeze, rPois
                  | rF+}
  7770 | D:6      | Found a staircase to the Ecumenical Temple.
  7792 | D:6      | Found a sparkling altar of Nemelex Xobeh.
  7794 | D:6      | Found a glowing silver altar of Zin.
  7838 | D:6      | Noticed a two-headed ogre
  7846 | D:6      | Killed a two-headed ogre
  7847 | D:6      | Reached XP level 10. HP: 28/82 MP: 18/18
  8134 | D:6      | Noticed Blork the orc
  8137 | D:6      | Killed Blork the orc
  9041 | D:7      | Reached skill level 9 in Fighting
  9165 | D:7      | Found Tuxaulif's Jewellery Shop.
  9173 | D:7      | Reached **** piety under Lugonu
  9174 | D:7      | Reached skill level 5 in Conjurations
  9174 | D:7      | Reached skill level 5 in Hexes
  9174 | D:7      | Reached skill level 5 in Summonings
  9174 | D:7      | Reached skill level 5 in Necromancy
  9174 | D:7      | Reached skill level 5 in Translocations
  9174 | D:7      | Reached skill level 5 in Transmutations
  9174 | D:7      | Reached skill level 5 in Fire Magic
  9174 | D:7      | Reached skill level 5 in Ice Magic
  9174 | D:7      | Reached skill level 5 in Air Magic
  9174 | D:7      | Reached skill level 5 in Earth Magic
  9174 | D:7      | Reached skill level 5 in Poison Magic
  9507 | D:7      | Found a stormy altar of Qazlal.
  9804 | D:8      | Noticed Pikel
  9813 | D:8      | Killed Pikel
 10038 | D:8      | Found a broken altar of Ashenzari.
 10214 | D:8      | Found a shadowy altar of Dithmenos.
 10310 | D:8      | Noticed Grum
 10318 | D:8      | Killed Grum
 10449 | D:8      | You fall into a shaft and drop 1 floor!
 10752 | D:8      | Reached XP level 11. HP: 79/89 MP: 20/20
 11423 | D:9      | Reached ***** piety under Lugonu
 11894 | D:10     | Entered Level 10 of the Dungeon
 11904 | D:10     | Noticed a two-headed ogre
 11912 | D:10     | Killed a two-headed ogre
 11961 | D:10     | Found a flagged portal.
 11966 | Bailey   | Entered a bailey
 12009 | Bailey   | HP: 3/89 [centaur/javelin (8)]
 14158 | D:10     | Found Qiycalle's Antique Armour Shoppe.
 14160 | D:10     | Found Keshre's Jewellery Shoppe.
 14160 | D:10     | Found Kiloux's Antique Weapon Shoppe.
 14237 | D:10     | Found Jeph's Antique Armour Shoppe.
 14260 | D:10     | Bought a brightly glowing helmet for 342 gold pieces
 14260 | D:10     | Identified the +0 helmet of Limited Liability {Int+2 Dex-2
                  | Slay+3} (You bought it in a shop on level 10 of the
                  | Dungeon)
 14540 | D:10     | Reached skill level 10 in Fighting
 14540 | D:10     | Reached XP level 12. HP: 97/97 MP: 21/23
 14552 | D:10     | Bought an amulet of reflection for 450 gold pieces
 14652 | D:10     | Found an ancient bone altar of Kikubaaqudgha.
 14725 | D:10     | Slain by a swamp worm

Illustrated notes

Levels and vault maps discovered:
D:1:      amcnicky_arrival_feature_with_door, layout_basic,
          chequers_serial_rivers_micro_a, minmay_misc_feat_roman,
          chequers_big_river
D:2:      layout_basic, minmay_cupped
D:3:      layout_basic, overflow_temple_1_default, vehumet_statue,
          serial_park_tiny_2, minmay_gold_behind_fungi
D:4:      layout_loops_corners, serial_rivers, chequers_serial_rivers_small_3,
          chequers_serial_rivers_marsh, chequers_serial_rivers_micro_c,
          chequers_serial_rivers_micro_d, chequers_serial_rivers_micro_e
D:5:      minmay_spotlight, layout_loops_ring
D:6:      layout_basic, chequers_temple_overflow_statue_of_worship,
          minmay_temple_entry_grid, uniq_blork_the_orc
D:7:      layout_rooms, overflow_temple_1_default, serial_shops, shop
D:8:      layout_loops_ring, amcnicky_altar_gilded, overflow_temple_1_default,
          grunt_decor_mini_mirrors, minmay_misc_feat_alley, uniq_pikel,
          uniq_grum
D:9:      layout_cave_pools
D:10:     layout_rooms, nicolae_kikubaaqudgha_miasma_corner, enter_bailey_3,
          minmay_shop_grid_forest, worms_lemuel

Skill      XL: |  1  2  3  4  5  6  7  8  9 10 11 |
---------------+----------------------------------+-----
Short Blades   | 1 2 5 6 7 |  7.6
Long Blades    | 1 2 5 6 7 |  7.6
Maces & Flails | 1 2 5 6 7 |  7.6
Polearms       | 1 2 5 6 7 |  7.6
Staves         | 1 2 5 6 7 |  7.6
Slings         | 1 2 5 6 7 |  7.6
Bows           | 1 2 5 6 7 |  7.6
Crossbows      | 1 2 5 6 7 |  7.6
Throwing       | 1 2 5 6 7 |  7.6
Stealth        | 1 2 5 6 7 |  7.6
Shields        | 1 2 5 6 8 |  8.4
Unarmed Combat | 1 2 5 6 7 |  7.6
Spellcasting   | 1 2 5 6 7 |  7.6
Evocations     | 1 2 5 6 7 |  7.6
Conjurations   | 1 4 5 6 |  6.3
Hexes          | 1 4 5 6 |  6.3
Summonings     | 1 4 5 6 |  6.3
Necromancy     | 1 4 5 6 |  6.3
Translocations | 1 4 5 6 |  6.3
Transmutations | 1 4 5 6 |  6.3
Fire Magic     | 1 4 5 6 |  6.3
Ice Magic      | 1 4 5 6 |  6.3
Air Magic      | 1 4 5 6 |  6.3
Earth Magic    | 1 4 5 6 |  6.3
Poison Magic   | 1 4 5 6 |  6.3
Dodging        | 3 5 6 8 |  8.1
Axes           | 5 7 9 |  9.0
Armour         | 5 7 9 |  9.0
Invocations    | 5 7 8 9 |  9.6
Fighting       | 8 9 10 | 10.1

Action                   |  1- 3 |  4- 6 |  7- 9 | 10-12 || total
-------------------------+-------+-------+-------+-------++-------
Melee: Spear             |   117 |   118 |   247 |       ||   482
       Bite              |     7 |     8 |    38 |    38 ||    91
       Great sword       |       |       |    36 |   335 ||   371
       Punch             |       |       |     4 |       ||     4
Throw: Dart              |       |       |       |     6 ||     6
Invok: Depart the Abyss  |     1 |       |       |       ||     1
       Bend Space        |       |     3 |       |     2 ||     5
       Banish            |       |       |       |     3 ||     3
  Use: Scroll            |     4 |     3 |     4 |     7 ||    18
       Potion            |       |       |     2 |     4 ||     6
Armor: Leather armour    |    36 |    19 |       |       ||    55
       Plate armour      |       |    72 |   205 |   491 ||   768
Dodge: Dodged            |   101 |    50 |   100 |   571 ||   822
       Repelled          |       |       |       |     6 ||     6
Block: Other             |       |       |       |     8 ||     8
       Reflection        |       |       |       |     1 ||     1
       Rpst.: Great sword |       |       |    10 |    85 ||    95

Table legend: (Time is in decaauts)
 A = Elapsed time spent in this place.
 B = Non-inter-level travel time spent in this place.
 C = Inter-level travel time spent in this place.
 D = Time resting spent in this place.
 E = Time spent auto-exploring this place.
 F = Levels seen in this place.
 G = Mean time per level.
                   A        B        C        D        E       F      G
               +--------+--------+--------+--------+--------+-----+--------+
         Total |  14871 |  14435 |    436 |   2672 |   8941 |  13 | 1143.9 |
       Dungeon |  12641 |  12205 |    436 |   1925 |   8113 |  10 | 1264.1 |
         Abyss |    102 |    102 |      0 |      0 |     65 |   2 |   51.0 |
        Bailey |   2127 |   2127 |      0 |    747 |    762 |   1 | 2127.0 |
               +--------+--------+--------+--------+--------+-----+--------+

Top non-repeatable levels by time:
  Bailey: 2127 daAuts
     D:4: 1728 daAuts
     D:5: 1682 daAuts
     D:3: 1652 daAuts
     D:6: 1471 daAuts
     D:8: 1350 daAuts
     D:2: 1214 daAuts
     D:1: 1201 daAuts
     D:9: 819 daAuts
    D:10: 771 daAuts
     D:7: 750 daAuts
 Abyss:2: 55 daAuts
 Abyss:1: 47 daAuts
